 Dungeon Crawl Stone Soup version 0.22-a0-301-gf0fe05c (webtiles) character file.

310 vishdafish the Skirmisher (level 6, -13/39 HPs)
             Began as a Gargoyle Fighter on Mar 26, 2018.
             Mangled by an ogre
             ... wielding a +0 giant spiked club
              (22 damage)
             ... on level 3 of the Dungeon.
             The game lasted 00:05:51 (2915 turns).

vishdafish the Skirmisher (Gargoyle Fighter)        Turns: 2915, Time: 00:05:52

Health: -13/39     AC: 14    Str: 22    XL:     6   Next: 41%
Magic:  6/6        EV:  8    Int: 11    God:
Gold:   165        SH:  9    Dex:  9    Spells: 5/5 levels left

rFire    . . .     SeeInvis .   a - +0 long sword
rCold    . . .     Gourm    .   c - +0 shield
rNeg     + . .     Faith    .   b - +0 scale mail
rPois    ∞         Spirit   .   l - +0 helmet
rElec    +         Reflect  .   (no cloak)
rCorr    .         Harm     .   h - +0 pair of gloves
MR       .....                  (no boots)
Stlth    ..........             (no amulet)
HPRegen  0.13/turn              m - ring of loudness (curse)
MPRegen  0.10/turn              i - -2 ring of strength (curse)

@: mighty
A: negative energy resistance 1, electricity resistance, unbreathing,
petrification resistance, rot immunity, AC +4
a: no special abilities


You were on level 3 of the Dungeon.
You were very hungry.

You visited 1 branch of the dungeon, and saw 4 of its levels.

You collected 165 gold pieces.

Inventory:

Hand Weapons
 a - a +0 long sword (weapon)
 t - a +0 trident
Missiles
 p - 8 javelins of returning (quivered)
Armour
 b - a +0 scale mail (worn)
 c - a +0 shield (worn)
 h - a +0 pair of gloves (worn)
 l - a +0 helmet (worn)
Jewellery
 i - a cursed -2 ring of strength (right hand)
 m - a cursed ring of loudness (left hand)
 n - an uncursed ring of protection from magic {unknown}
Scrolls
 e - 2 scrolls of identify
 j - 3 scrolls of enchant armour
 q - a scroll of enchant weapon {unknown}
 s - a scroll of teleportation {unknown}
 u - 2 scrolls of remove curse {unknown}
Potions
 g - a potion of flight
 k - a potion of curing {unknown}
 o - a potion of resistance {unknown}
 r - a potion of heal wounds {unknown}
Comestibles
 f - 8 rations


   Skills:
 + Level 4.6 Fighting
 + Level 3.0 Long Blades
 + Level 4.4 Armour
 + Level 1.9 Dodging
 + Level 4.5 Shields


You had 5 spell levels left.
You didn't know any spells.

Dungeon Overview and Level Annotations

Branches:
Dungeon (4/15)
 Temple: D:4-7

Altars:


Innate Abilities, Weirdness & Mutations

You are resistant to torment.
Your stone body is resilient. (AC +4)
You are immune to poison.
You resist negative energy. (rN+)
You are resistant to electric shocks. (rElec)
You can survive without breathing.
You are immune to petrification.
You are immune to rotting.


Message History

The ogre hits you with a giant spiked club!
You climb upwards.
There is a stone staircase leading down here.
Things that are here:
a dagger; an orc corpse You hit the ogre.
The ogre is lightly wounded.
The ogre hits you with a giant spiked club!!
Ouch! That really hurt!
* * * LOW HITPOINT WARNING * * *
You are too injured to fight recklessly!
You feel very mighty all of a sudden. You block the ogre's attack.
You slash the ogre!
The ogre is moderately wounded.
You barely miss the ogre.
The ogre is moderately wounded.
The ogre hits you with a giant spiked club!!
Ouch! That really hurt!
You die...

.....# #.##.........#........###
###### #...#######.###.........#
..# ###.# #..#........#.# #.#
##.## #.#.##.....##.[ ..# #...#
#.........####. ### #...#
###.####### #. #...# #...# #.
#...##########.# ##
#...>)O@..####.### #####
#######...[####.....)..###....
####.......................##....
................>.....#.#........
####....................#..##....
#######....####.....##..##....
#.................######
#...######.).....####### #...#
#.#####.#......


You could see an ogre.

Vanquished Creatures
  An ogre (D:3)
  2 orc priests (D:3)
  An iguana (D:3)
  A howler monkey skeleton (D:4)
  2 adders
  2 worms
  2 dart slugs
  2 leopard geckos
  6 orcs (D:3)
  4 bats
  7 giant cockroaches
  14 goblins
  10 hobgoblins
  7 jackals
  10 kobolds
  3 quokkas
  3 ball pythons (D:3)
  6 frilled lizards
  7 rats
90 creatures vanquished.

Notes
Turn   | Place    | Note
-------+----------+-------------------------------------------
     0 | D:1      | vishdafish the Gargoyle Fighter began the quest for the Orb.
     0 | D:1      | Reached XP level 1. HP: 14/14 MP: 1/1
    50 | D:1      | Reached XP level 2. HP: 14/19 MP: 2/2
   631 | D:1      | Reached XP level 3. HP: 20/23 MP: 3/3
  1199 | D:2      | Reached skill level 1 in Dodging
  1199 | D:2      | Reached XP level 4. HP: 24/29 MP: 4/4
  1938 | D:3      | Reached XP level 5. HP: 33/33 MP: 5/5
  2102 | D:3      | Noticed an ogre
  2111 | D:3      | Killed an ogre
  2111 | D:3      | Reached XP level 6. HP: 20/39 MP: 6/6
  2915 | D:3      | Mangled by an ogre

Vault maps used:
D:1:      dpeg_arrival_simpleton_c, grunt_decor_fettered
D:3:      minmay_goblin_outpost
D:4:      first_ration, nemelex_spade_bored_becter

Skill      XL: |  1  2  3  4  5  6 |
---------------+-------------------+-----
Long Blades    | 2 3 |  3.0
Dodging        | 1 |  1.9
Fighting       | 4 |  4.6
Armour         | 4 |  4.4
Shields        | 4 |  4.5

Action                   |  1- 3 |  4- 6 || total
-------------------------+-------+-------++-------
Melee: Long sword        |   169 |   162 ||   331
  Use: Scroll            |     3 |       ||     3
       Potion            |       |     2 ||     2
  Eat: Chunk             |     1 |     5 ||     6
Armor: Scale mail        |    90 |    76 ||   166
Dodge: Dodged            |    40 |    57 ||    97
Block: Shield            |    82 |    72 ||   154
       Rpst.: Long sword |    14 |    20 ||    34

Table legend:
 A = Spawn XP
 B = Non-spawn XP
 C = Spawn XP percentage of total XP
 D = Spawn monster count
 E = Non-spawn monster count
 F = Spawn count percentage of total count
 G = Total turns spent on level
                    A         B        C        D         E        F      G
               +---------+---------+-------+---------+---------+-------+---------
         Total |       0 |     443 |   0.0 |       0 |      90 |   0.0 |  2915
               +---------+---------+-------+---------+---------+-------+---------
           D:1 |       0 |      43 |   0.0 |       0 |      27 |   0.0 |   819
           D:2 |       0 |      56 |   0.0 |       0 |      23 |   0.0 |   794
           D:3 |       0 |     330 |   0.0 |       0 |      39 |   0.0 |  1295
           D:4 |       0 |      14 |   0.0 |       0 |       1 |   0.0 |     7
               +---------+---------+-------+---------+---------+-------+---------
